 Dungeon Crawl Stone Soup version 0.20.1-1-g8b1a95d (webtiles) character file.

6335 Romulous the Cleaver (level 10, -1/88 HPs)
             Began as a Minotaur Fighter on Oct 28, 2017.
             Was an Elder of Okawaru.
             Killed by divine providence
             ... invoked by an orc priest
              (8 damage)
             ... on level 10 of the Dungeon.
             The game lasted 00:43:59 (9126 turns).

Romulous the Cleaver (Minotaur Fighter)             Turns: 9126, Time: 00:44:00

Health: -1/88      AC: 17    Str: 24    XL:     10   Next: 64%
Magic:  9/9        EV:  6    Int:  5    God:    Okawaru [****..]
Gold:   484        SH: 18    Dex: 14    Spells: 9/9 levels left

rFire    . . .     SeeInvis .   p - +2 hand axe (freeze)
rCold    . . .     Gourm    .   F - +0 large shield
rNeg     . . .     Faith    .   t - +0 plate armour (curse)
rPois    .         Spirit   .   (helmet restricted)
rElec    .         Reflect  .   n - +1 cloak
rCorr    .         Harm     .   (no gloves)
MR       +....                  O - +0 pair of boots
Stlth    ..........             (no amulet)
Regen    0.3/turn               i - ring of protection from magic
MPRegen  0.2/turn               s - +4 ring of dexterity

@: no status effects
A: retaliatory headbutt, horns 2
a: Heroism, Renounce Religion


You were on level 10 of the Dungeon.
You worshipped Okawaru.
Okawaru was greatly pleased with you.
You were hungry.

You visited 2 branches of the dungeon, and saw 10 of its levels.

You collected 484 gold pieces.

Inventory:

Hand Weapons
 a - a +0 war axe
 p - a +2 hand axe of freezing (weapon)
Missiles
 E - 7 tomahawks (quivered)
Armour
 n - a +1 cloak (worn)
 t - a cursed +0 plate armour (worn)
 A - a scarf of repulsion
 F - a +0 large shield (worn)
 O - a +0 pair of boots (worn)
Jewellery
 i - a ring of protection from magic (left hand)
 s - a +4 ring of dexterity (right hand)
 y - an uncursed ring of protection from magic
 N - an uncursed ring of ice
Wands
 f - a wand of random effects (21/48)
 G - a wand of confusion (11/48)
 H - a wand of confusion (22/48)
 I - a wand of scattershot (0/9)
Scrolls
 b - 2 scrolls of immolation
 h - 6 scrolls of teleportation
 k - 2 scrolls of fog {unknown}
 l - a scroll of recharging {unknown}
 q - 4 scrolls of remove curse
 u - 5 scrolls of identify
 w - a scroll of amnesia {unknown}
 D - a scroll of fear {unknown}
 J - a scroll of brand weapon {unknown}
 L - a scroll of enchant weapon {unknown}
Potions
 d - 2 potions of might
 e - 3 potions of heal wounds {unknown}
 g - 5 potions of brilliance
 j - 2 potions of flight {unknown}
 o - 3 potions of mutation {unknown}
 r - a potion of degeneration {unknown}
 v - a potion of berserk rage {unknown}
 x - a potion of invisibility {unknown}
 z - 7 potions of curing {unknown}
 B - a potion of haste {unknown}
 C - 4 potions of agility {unknown}
Comestibles
 m - a meat ration
 K - 2 bread rations


   Skills:
 + Level 7.8 Fighting
 + Level 11.9 Axes
 + Level 9.1 Armour
 + Level 3.5 Dodging
 + Level 2.0 Stealth
 + Level 10.2 Shields


You had 9 spell levels left.
You didn't know any spells.

Dungeon Overview and Level Annotations

Branches:
Dungeon (8/15)             Temple (1/1) D:5
   Lair: D:8-11

Altars:
Dithmenos
Elyvilon
Kikubaaqudgha
Nemelex Xobeh
Okawaru
Qazlal
Ru
Sif Muna
Uskayaw
Yredelemnul
Zin
The Shining One


Innate Abilities, Weirdness & Mutations

You reflexively headbutt those who attack you in melee.
You have a pair of horns on your head.


Message History

Something hits you but does no damage.
Items here: )) [[ †† You hit the orc priest.
You freeze the orc priest.
You kill the orc priest!
Okawaru accepts your kill.
You miss something. Something hits you but does no damage.
The orc priest looks satisfied for a moment.
You block something's attack. Something hits you but does no damage.
The orc priest calls down the wrath of Beogh upon you.
Beogh smites you!
* * * LOW HITPOINT WARNING * * *
Something hits you but does no damage. You block something's attack.
There is an open door here.
Something hits you but does no damage. Something hits you but does no damage.
The orc priest calls down the wrath of Beogh upon you.
Beogh smites you!
You die...

#...## #......... ###..#
#......... ##.## #########'
#..# #.. ########'##### #.#
#............# #.#
#.....(......# ##.#
#............###### ##..#
#.........@..'oo..#####.(##
#...<........####....))....
#............# ######.####
#............# #.#
#............# ##o#
###########'## #..#
######.# #.## ####......#
#o# #....###### #.#


You could see 2 orc priests.

Vanquished Creatures
  A two-headed ogre (D:10)
  An unseen horror (D:10)
  A centaur skeleton (D:10)
  The ghost of Romulous the Shield-Bearer, an amateur MiFi of Okawaru (D:4)
  Grinder (D:6)
  Menkaure (D:6)
  2 water moccasins
  3 sky beasts
  8 orc warriors
  A necrophage (D:5)
  3 black bears
  A phantom (D:4)
  2 ogres
  6 centaurs
  A crocodile (D:6)
  Blork the orc (D:5)
  2 bullfrogs
  4 scorpions
  9 wights (D:8)
  2 howler monkeys (D:10)
  3 crimson imps
  A bullfrog skeleton (D:6)
  4 hounds
  3 jellies
  A centaur zombie (D:5)
  7 orc priests
  3 orc wizards
  3 iguanas
  3 worker ants
  A hound skeleton (D:5)
  A howler monkey zombie (D:8)
  11 gnolls
  11 adders
  2 oozes (D:2)
  2 worms (D:3)
  A dart slug (D:1)
  3 leopard geckos
  28 orcs
  4 ball pythons
  6 bats
  7 giant cockroaches
  10 goblins
  7 hobgoblins
  23 jackals
  8 quokkas
  5 frilled lizards
  10 kobolds
  A quokka skeleton (D:5)
  3 rats
  4 plants (D:1)
227 creatures vanquished.

Notes
Turn   | Place    | Note
-------+----------+-------------------------------------------
     0 | D:1      | Romulous the Minotaur Fighter began the quest for the Orb.
     0 | D:1      | Reached XP level 1. HP: 19/19 MP: 0/0
   236 | D:1      | Reached XP level 2. HP: 27/27 MP: 1/1
  1106 | D:2      | Reached skill level 3 in Axes
  1106 | D:2      | Reached XP level 3. HP: 31/33 MP: 2/2
  1312 | D:2      | Reached XP level 4. HP: 34/40 MP: 3/3
  1546 | D:2      | Reached skill level 4 in Axes
  2247 | D:3      | Reached XP level 5. HP: 41/46 MP: 4/4
  2741 | D:4      | Reached skill level 1 in Dodging
  2799 | D:4      | Reached skill level 5 in Axes
  2816 | D:4      | Noticed a phantom
  2836 | D:4      | Killed a phantom
  2836 | D:4      | Reached XP level 6. HP: 47/53 MP: 5/5
  2875 | D:4      | Noticed Romulous's ghost (amateur MiFi)
  2894 | D:4      | Killed Romulous's ghost
  2894 | D:4      | Reached skill level 6 in Axes
  2894 | D:4      | Reached skill level 5 in Armour
  2894 | D:4      | Reached skill level 5 in Shields
  3273 | D:5      | Entered Level 5 of the Dungeon
  3397 | D:5      | Reached XP level 7. HP: 60/60 MP: 6/6
  3520 | D:5      | Found a hide-covered altar of Uskayaw.
  3522 | D:5      | Found an ancient bone altar of Kikubaaqudgha.
  3526 | D:5      | Found a shadowy altar of Dithmenos.
  3526 | D:5      | Found a white marble altar of Elyvilon.
  3531 | D:5      | Found a sparkling altar of Nemelex Xobeh.
  3829 | D:5      | Reached skill level 5 in Fighting
  3832 | D:5      | Found a staircase to the Ecumenical Temple.
  3856 | Temple   | Entered the Ecumenical Temple
  3860 | Temple   | Became a worshipper of Warmaster Okawaru
  4003 | D:5      | Found a glowing silver altar of Zin.
  4004 | D:5      | Noticed Blork the orc
  4012 | D:5      | Killed Blork the orc
  4012 | D:5      | Reached skill level 7 in Axes
  4403 | D:5      | Reached XP level 8. HP: 68/68 MP: 7/7
  4578 | D:6      | Reached * piety under Okawaru
  4578 | D:6      | Reached skill level 1 in Stealth
  4583 | D:6      | Reached skill level 8 in Axes
  5194 | D:6      | Reached skill level 9 in Axes
  5357 | D:6      | Found a stormy altar of Qazlal.
  5457 | D:6      | Noticed Menkaure
  5469 | D:6      | Reached ** piety under Okawaru
  5775 | D:6      | Killed Menkaure
  5775 | D:6      | Reached XP level 9. HP: 32/75 MP: 8/8
  6092 | D:6      | Noticed Grinder
  6104 | D:6      | Killed Grinder
  6571 | D:7      | Found a deep blue altar of Sif Muna.
  7114 | D:8      | Reached skill level 10 in Axes
  7283 | D:8      | Reached *** piety under Okawaru
  7635 | D:8      | You fall through a shaft for 2 floors!
  7635 | D:10     | Entered Level 10 of the Dungeon
  7747 | D:10     | Killed an unseen horror
  7747 | D:10     | Reached **** piety under Okawaru
  7747 | D:10     | Reached skill level 11 in Axes
  7747 | D:10     | Reached XP level 10. HP: 50/86 MP: 9/9
  7996 | D:10     | Received a gift from Okawaru
  8033 | D:10     | Noticed a two-headed ogre
  8040 | D:10     | Killed a two-headed ogre
  8714 | D:10     | Reached skill level 10 in Shields
  9126 | D:10     | Killed from afar by an orc priest

Skill      XL: |  1  2  3  4  5  6  7  8  9 10 |
---------------+-------------------------------+-----
Shields        | 4 5 6 7 9 10 | 10.2
Axes           | 3 4 5 6 7 9 11 | 11.9
Fighting       | 4 5 7 |  7.8
Armour         | 4 5 6 8 9 |  9.1
Dodging        | 1 2 3 |  3.5
Stealth        | 1 2 |  2.0

Action                   |  1- 3 |  4- 6 |  7- 9 | 10-12 || total
-------------------------+-------+-------+-------+-------++-------
Melee: War axe           |   139 |    79 |       |       ||   218
       Headbutt          |    35 |    19 |    85 |    31 ||   170
       Hand axe          |       |    54 |   308 |   126 ||   488
Evoke: Wand              |       |       |       |     3 ||     3
  Use: Scroll            |       |     3 |     3 |     2 ||     8
 Stab: Distracted        |       |       |     1 |       ||     1
  Eat: Bread ration      |     1 |     1 |     1 |       ||     3
       Chunk             |       |     1 |     5 |       ||     6
       Royal jelly       |       |       |     1 |       ||     1
       Meat ration       |       |       |       |     1 ||     1
Armor: Scale mail        |    39 |    33 |       |       ||    72
       Chain mail        |       |    16 |    36 |       ||    52
       Plate armour      |       |       |    90 |    20 ||   110
Dodge: Dodged            |    18 |    31 |    65 |     9 ||   123
Block: Shield            |    45 |    65 |   175 |    21 ||   306
       Large shield      |       |       |       |    34 ||    34
